 Dungeon Crawl Stone Soup version 0.25.1-2-g60ff931df9 (webtiles) character file.

Game seed: 16378360041119626141

1335 HawFromDerth the Grappler (level 8, -2/75 HPs)
             Began as a Troll Berserker on Sept 21, 2020.
             Was a Priest of Trog.
             Slain by a slime creature (14 damage)
             ... on level 5 of the Dungeon.
             The game lasted 00:11:03 (2538 turns).

HawFromDerth the Grappler (Troll Berserker)         Turns: 2538, Time: 00:11:07

Health: -2/75      AC:  2    Str: 28    XL:     8   Next: 35%
Magic:  7/7        EV: 11    Int:  3    God:    Trog [***...]
Gold:   180        SH:  0    Dex:  9    Spells: 7/7 levels left

rFire    . . .     SeeInvis .     - Unarmed
rCold    . . .     Gourm    +   (no shield)
rNeg     . . .     Faith    .   a - +0 animal skin
rPois    .         Spirit   .   (helmet restricted)
rElec    .         Reflect  .   (no cloak)
rCorr    .         Harm     .   (gloves unavailable)
MR       .....                  (boots unavailable)
Stlth    +.........             (no amulet)
HPRegen  0.62/turn              (no ring)
MPRegen  0.10/turn              (no ring)

@: corroded
A: large, unfitting armour, claws 3, fast metabolism 3, gourmand, regeneration
1, shaggy fur 1, tough skin 3
a: Berserk, Trog's Hand, Renounce Religion


You were on level 5 of the Dungeon.
You worshipped Trog.
Trog was most pleased with you.
You were very full.

You visited 1 branch of the dungeon, and saw 4 of its levels.

You collected 180 gold pieces.

Inventory:

Armour
 a - a +0 animal skin (worn)
Jewellery
 j - a cursed ring of protection from magic
 n - a cursed ring of attention
 o - an uncursed ring of stealth {unknown}
Wands
 d - a wand of disintegration (5)
 e - a wand of flame (24)
Scrolls
 f - a scroll of fog
 g - 2 scrolls of magic mapping
 m - a scroll of enchant armour {unknown}
 p - 2 scrolls of enchant weapon {unknown}
 q - a scroll of remove curse
Potions
 c - a potion of mutation {unknown}
 h - 3 potions of resistance {unknown}
 k - 3 potions of curing {unknown}
 l - a potion of stabbing {unknown}
Comestibles
 b - 6 rations


   Skills:
 + Level 3.2 Fighting
 + Level 4.8 Dodging
 + Level 0.3 Stealth
 * Level 9.0 Unarmed Combat


You had 7 spell levels left.
You didn't know any spells.
Your spell library was empty.

Dungeon Overview and Level Annotations

Branches:
Dungeon (5/15)             Temple (0/1) D:4

Altars:
Qazlal
Ru
Xom


Innate Abilities, Weirdness & Mutations

You are too large for most types of armour.
You have claws for hands.
Your metabolism is lightning-fast.
You like to eat raw meat.
Your natural rate of healing is unusually fast.
You are covered in fur. (AC +1)
You have extremely tough skin. (AC +3)


Message History

The large slime creature is heavily wounded.
The fungus is no longer covered in acid.
The jelly hits the fungus.
The fungus is splashed with acid!
The jelly misses you. The jelly barely misses you.
You scratch the large slime creature but do no damage.
Your claw misses the large slime creature.
The large slime creature is heavily wounded.
The ooze hits the fungus.
The jelly hits the fungus.
The fungus is splashed with acid.
The fungus is destroyed!
A large slime creature splits.
The jelly hits you.
You are splashed with acid!
The jelly hits you but does no damage.
You completely miss the slime creature.
The slime creature is heavily wounded.
The jelly hits you.
You are splashed with acid!
The jelly hits you.
* * * LOW HITPOINT WARNING * * *
The acid corrodes you!
You are splashed with acid!
* * * LOW HITPOINT WARNING * * *
The slime creature hits you!
You die...

..##....####.....#
..##.#### #######
..##.## ##########
...#..# $........#
...#..# .÷÷P÷..P÷#
.#....# .P.J.....#
.#...## ..÷.J..JJ#
.#...# .....PJJJ#
.#...##
.P.P.÷JJ@#####
......#
#######J###..##
##....###.((.(.##
#...#
#....##.########
#...#
##....###..'....#
#...#### #.....#
####....# #......#
......# #.......#
#......###
.##...###.......#
##.#.#...######
.......##.......#
#####......#..


You could see 2 slime creatures, 5 jellies and 3 oozes.

Vanquished Creatures
  An ice beast (D:5)
  6 ogres
  2 big kobolds (D:5)
  A crimson imp (D:4)
  A howler monkey (D:5)
  A jelly (D:5)
  A gnoll shaman (D:5)
  An orc priest (D:2)
  An iguana (D:5)
  4 worker ants (D:4)
  4 orc wizards
  8 gnolls
  A howler monkey skeleton (D:5)
  6 adders
  An ooze (D:5)
  An adder skeleton (D:4)
  4 worms
  3 leopard geckos
  4 orcs
  6 giant cockroaches
  3 goblins
  7 hobgoblins
  7 jackals
  7 kobolds
  A quokka (D:4)
  2 ball pythons
  4 bats
  2 frilled lizards
  A giant cockroach zombie (D:5)
  A quokka zombie (D:5)
  3 rats
95 creatures vanquished.

Vanquished Creatures (others)
  2 fungi (D:5)
  8 toadstools (D:5)
10 creatures vanquished.

Grand Total: 105 creatures vanquished

Notes
Turn   | Place    | Note
-------+----------+-------------------------------------------
     0 | D:1      | HawFromDerth the Troll Berserker began the quest for the
                  | Orb.
     0 | D:1      | Reached XP level 1. HP: 22/22 MP: 0/0
   155 | D:1      | Reached XP level 2. HP: 28/29 MP: 1/1
   366 | D:1      | Reached XP level 3. HP: 34/36 MP: 2/2
   628 | D:2      | Reached ** piety under Trog
   745 | D:2      | Reached skill level 4 in Unarmed Combat
   745 | D:2      | Reached XP level 4. HP: 44/44 MP: 3/3
   798 | D:2      | Reached XP level 5. HP: 37/52 MP: 4/4
   874 | D:2      | You fall into a shaft and drop 2 floors!
   875 | D:4      | Noticed an ogre
   879 | D:4      | Killed an ogre
   879 | D:4      | Reached skill level 5 in Unarmed Combat
   929 | D:4      | Noticed an ogre
   943 | D:4      | Killed an ogre
   943 | D:4      | Reached XP level 6. HP: 35/59 MP: 5/5
  1054 | D:4      | Found a staircase to the Ecumenical Temple.
  1122 | D:4      | Found a stormy altar of Qazlal.
  1133 | D:4      | Reached skill level 6 in Unarmed Combat
  1250 | D:4      | Found a sacrificial altar of Ru.
  1364 | D:4      | Reached XP level 7. HP: 67/67 MP: 6/6
  1490 | D:4      | Reached skill level 7 in Unarmed Combat
  1725 | D:5      | Entered Level 5 of the Dungeon
  1922 | D:5      | Reached *** piety under Trog
  1935 | D:5      | Reached skill level 8 in Unarmed Combat
  1947 | D:5      | Reached XP level 8. HP: 69/75 MP: 7/7
  2252 | D:5      | Reached skill level 9 in Unarmed Combat
  2393 | D:5      | Found a shimmering altar of Xom.
  2395 | D:5      | Found a shimmering altar of Xom.
  2395 | D:5      | Found a shimmering altar of Xom.
  2527 | D:5      | Noticed a slime creature
  2527 | D:5      | Noticed a slime creature
  2538 | D:5      | Slain by a slime creature

Illustrated notes

Levels and vault maps discovered:
D:1:      nzn_arrival_settlement, layout_basic, minmay_distorted
D:2:      layout_basic, serial_glass, glass_columns_c, glass_columns_a,
          minmay_tall_x
D:4:      layout_rooms, nicolae_ru_awakened_eye, nicolae_overflow_hidden_temple,
          nicolae_qazlal_eye_of_the_storm, minmay_temple_entry_tees,
          minmay_door_square, minmay_misc_feat_chi
D:5:      cheibrodos_fertilizer, layout_cave_pools, first_ration,
          xom_redecorated

Skill      XL: |  1  2  3  4  5  6  7  8 |
---------------+-------------------------+-----
Dodging        | 3 4 |  4.8
Unarmed Combat | 4 5 6 8 9 |  9.0
Fighting       | 3 |  3.2
Stealth        | |  0.3

Action                   |  1- 3 |  4- 6 |  7- 9 || total
-------------------------+-------+-------+-------++-------
Melee: Unarmed           |    91 |    71 |   115 ||   277
       Punch             |     1 |     1 |     4 ||     6
Invok: Trog's Hand       |     1 |       |     1 ||     2
       Berserk           |       |     1 |     1 ||     2
  Use: Scroll            |       |     6 |       ||     6
  Eat: Chunk             |    12 |     6 |    13 ||    31
Armor: Animal skin       |    74 |    23 |    58 ||   155
Dodge: Dodged            |    95 |    46 |    91 ||   232
